 Dungeon Crawl Stone Soup version 0.22-a0-379-ga9d99d6 (webtiles) character file.

77 Alphaeus the Shield-Bearer (level 4, -10/31 HPs)
             Began as an Octopode Fighter on Apr 28, 2018.
             Mangled by charlessucks's ghost (14 damage)
             ... on level 3 of the Dungeon.
             The game lasted 00:01:58 (1770 turns).

Alphaeus the Shield-Bearer (Octopode Fighter)       Turns: 1770, Time: 00:01:59

Health: -10/31     AC:  1    Str: 20    XL:     4   Next: 34%
Magic:  4/4        EV: 12    Int: 10    God:
Gold:   83         SH:  9    Dex: 12    Spells: 3/3 levels left

rFire    . . .     SeeInvis .   a - +0 rapier
rCold    . . .     Gourm    .   b - +0 shield
rNeg     . . .     Faith    .   (helmet restricted)
rPois    .         Spirit   .   (no amulet)
rElec    .         Reflect  .   (no ring)
rCorr    .         Harm     .   (no ring)
MR       .....                  (no ring)
Stlth    +++.......             (no ring)
HPRegen  0.10/turn              (no ring)
MPRegen  0.09/turn              (no ring)
                                (no ring)
                                (no ring)

@: mighty
A: almost no armour, stealthy swim, amphibious, 8 rings, constrict 8, camouflage
1, gelatinous body 1
a: no special abilities


You were on level 3 of the Dungeon.
You were not hungry.

You visited 1 branch of the dungeon, and saw 3 of its levels.

You collected 83 gold pieces.

Inventory:

Hand Weapons
 a - a +0 rapier (weapon)
 m - a +1 dagger of venom
 q - a +1 short sword of protection
Armour
 b - a +0 shield (worn)
Jewellery
 e - an uncursed amulet of rage {unknown}
 k - an uncursed amulet of the gourmand {unknown}
Scrolls
 g - a scroll of identify {unknown}
 h - a scroll of blinking {unknown}
 i - 3 scrolls of remove curse {unknown}
 j - 4 scrolls of fog {unknown}
 l - 3 scrolls of fear {unknown}
 o - a scroll of random uselessness {unknown}
 p - a scroll of amnesia {unknown}
Potions
 n - a potion of agility {unknown}
 r - a potion of brilliance {unknown}
 s - a potion of magic {unknown}
Comestibles
 d - 7 rations
 f - 11 chunks of flesh


   Skills:
 - Level 3.0 Fighting
 - Level 2.0 Short Blades
 - Level 3.0 Dodging
 * Level 3.8 Stealth
 * Level 4.1 Shields


You had 3 spell levels left.
You didn't know any spells.

Dungeon Overview and Level Annotations

Branches:
Dungeon (3/15)

Altars:
Sif Muna
The Shining One

Annotations:
D:3 charlessucks's ghost, amateur TrBe


Innate Abilities, Weirdness & Mutations

You cannot wear most types of armour.
You are very stealthy in the water. (Stealth+)
You are amphibious.
You can wear up to eight rings at the same time.
You can use your tentacles to constrict eight enemies at once.
Your skin changes colour to match your surroundings (Stealth+).
Your rubbery body absorbs attacks. (AC +1, EV +1)


Message History

Found 11 gold pieces.
You feel very mighty all of a sudden.
You closely miss charlessucks's ghost.
You block charlessucks's ghost's attack.
You puncture charlessucks's ghost!
Charlessucks's ghost is lightly damaged.
You block charlessucks's ghost's attack.
You puncture charlessucks's ghost! You squeeze charlessucks's ghost!!
Charlessucks's ghost is severely damaged.
Charlessucks's ghost hits you. The bat closely misses you.
You block charlessucks's ghost's attack.
You closely miss charlessucks's ghost.
Charlessucks's ghost is severely damaged.
You block the bat's attack. Charlessucks's ghost hits you!!
Ouch! That really hurt!
* * * LOW HITPOINT WARNING * * *
You puncture charlessucks's ghost!
Charlessucks's ghost is almost destroyed.
The bat barely misses you. Charlessucks's ghost hits you!
You die...

.#..>..#...............#
(#.#...#....####.#.#.#.#
)....#####..# #.##..
<#.....# ...# #(# #.#
.#.>...# #.# #(# .#
......... .# #(###.#.#
##.#..#.# .####........
....# ###.#..).....#.#
###.# #.....bW@##### .#
#.....##.?.....# ......
#.!###### #.... #..#
..... #..# .... #..#
.... $... #.##


You could see charlessucks's ghost and a bat.

Vanquished Creatures
  3 worms
  2 dart slugs
  3 leopard geckos
  2 orcs (D:3)
  A giant cockroach (D:3)
  5 goblins
  10 hobgoblins
  2 jackals (D:2)
  5 kobolds
  A quokka (D:2)
  3 ball pythons
  8 bats
  7 frilled lizards
  5 rats
57 creatures vanquished.

Notes
Turn   | Place    | Note
-------+----------+-------------------------------------------
     0 | D:1      | Alphaeus the Octopode Fighter began the quest for the Orb.
     0 | D:1      | Reached XP level 1. HP: 16/16 MP: 1/1
   178 | D:1      | Reached skill level 1 in Stealth
   377 | D:1      | Reached XP level 2. HP: 21/21 MP: 2/2
   950 | D:2      | Reached XP level 3. HP: 25/26 MP: 3/3
  1314 | D:2      | Found a deep blue altar of Sif Muna.
  1380 | D:2      | Found a glowing golden altar of the Shining One.
  1430 | D:2      | Found a faded altar of an unknown god.
  1637 | D:3      | Reached skill level 4 in Shields
  1637 | D:3      | Reached XP level 4. HP: 31/31 MP: 4/4
  1741 | D:3      | Noticed charlessucks's ghost (amateur TrBe)
  1770 | D:3      | Mangled by charlessucks's ghost

Vault maps used:
D:1:      nzn_arrival_settlement
D:2:      led_sif_pool, nicolae_overflow_hidden_temple, tso_metal_star,
          chequers_ecumenical_altar_grove, first_ration,
          hangedman_feature_mirror
D:3:      trog_butcher_becter

Skill      XL: |  1  2  3 |
---------------+----------+-----
Stealth        | 1 2 3 |  3.8
Shields        | 4 |  4.1
Fighting       | |  3.0
Short Blades   | |  2.0
Dodging        | |  3.0

Action                   |  1- 3 |  4- 6 || total
-------------------------+-------+-------++-------
Melee: Rapier            |    66 |    33 ||    99
       Constrict         |    19 |    10 ||    29
       Tentacles         |    12 |     6 ||    18
  Use: Potion            |     1 |     1 ||     2
 Stab: Sleeping          |    12 |     2 ||    14
  Eat: Chunk             |     2 |     1 ||     3
Armor: Skin              |     2 |       ||     2
Dodge: Dodged            |    23 |    19 ||    42
Block: Shield            |    16 |    12 ||    28

Table legend:
 A = Spawn XP
 B = Non-spawn XP
 C = Spawn XP percentage of total XP
 D = Spawn monster count
 E = Non-spawn monster count
 F = Spawn count percentage of total count
 G = Total turns spent on level
                    A         B        C        D         E        F      G
               +---------+---------+-------+---------+---------+-------+---------
         Total |       0 |     111 |   0.0 |       0 |      57 |   0.0 |  1770
               +---------+---------+-------+---------+---------+-------+---------
           D:1 |       0 |      30 |   0.0 |       0 |      17 |   0.0 |   947
           D:2 |       0 |      51 |   0.0 |       0 |      24 |   0.0 |   685
           D:3 |       0 |      30 |   0.0 |       0 |      16 |   0.0 |   138
               +---------+---------+-------+---------+---------+-------+---------
